 Dungeon Crawl Stone Soup version 0.27-a0-394-g49c82dfaf2 (webtiles) character file.

Game seed: 4780849897044777501

1 sahdkjhfkaj the Sneak (level 1, 0/9 HPs)
             Began as a Spriggan Venom Mage on Feb 20, 2021.
             Slain by a leopard gecko (4 damage)
             ... on level 1 of the Dungeon.
             The game lasted 00:00:36 (75 turns).

sahdkjhfkaj the Sneak (Spriggan Venom Mage)           Turns: 75, Time: 00:00:36

Health: 0/9        AC:  2    Str:  4    XL:     1   Next: 16%
Magic:  3/5        EV: 17    Int: 16    God:
Gold:   13         SH:  0    Dex: 15    Spells: 4/5 levels left

rFire    . . .     SeeInvis +   (weapon restricted)
rCold    . . .     Faith    .   (shield restricted)
rNeg     . . .     Spirit   .   a - +0 robe
rPois    .         Reflect  .   (helmet restricted)
rElec    .         Harm     .   (no cloak)
rCorr    .         Rampage  .   (gloves unavailable)
Will     .....                  (boots unavailable)
Stlth    ++........             (no amulet)
HPRegen  0.03/turn              (no ring)
MPRegen  0.09/turn              (no ring)

@: very quick
A: very small, unfitting armour, see invisible, speed 3
a: no special abilities


You were on level 1 of the Dungeon.
You visited 1 branch of the dungeon, and saw 2 of its levels.

You collected 13 gold pieces.

Inventory:

Armour
 a - a +0 robe (worn)
Scrolls
 b - a scroll of teleportation {!r, unknown}
Potions
 c - a potion of haste {!q, unknown}


   Skills:
 - Level 2.6 Dodging
 - Level 3.0 Stealth
 - Level 2.6 Spellcasting
 + Level 1.7 Transmutations
 - Level 3.0 Poison Magic


You had 4 spell levels left.
You knew the following spells:

 Your Spells              Type           Power        Failure   Level
a - Sting                 Tmut/Pois      36%          8%          1

Your spell library contained the following spells:

 Spells                   Type           Power        Failure   Level
 Poisonous Vapours        Pois/Air       12%          16%         2
 Ignite Poison            Fire/Tmut/Pois 7%           30%         3
 Mephitic Cloud           Conj/Pois/Air  5%           36%         3
 Olgreb's Toxic Radiance  Pois           11%          50%         4


Dungeon Overview and Level Annotations

Branches:
Dungeon (2/15)

Altars:

Annotations:
D:2 Robin


Innate Abilities, Weirdness & Mutations

You are very small and have problems with some larger weapons.
You are too small for most types of armour.
You have supernaturally acute eyesight. (SInv)
You cover ground extremely quickly.


Message History

You hear a shout!
The goblin moves out of view.
You see here 9 gold pieces.
The bat misses you. Robin throws the goblin at you!
Found a stone staircase leading down and a stone staircase leading up.
The bat misses you.
The goblin unwields a +0 dagger.
The goblin wields a +0 hunting sling.
The goblin shoots a stone.
The stone hits you but does no damage.
Found 14 poisoned darts.
Found 2 gold pieces.
A kobold comes into view. It is wielding a +0 dagger.
The bat hits you.
There is a stone staircase leading up here.
The bat misses you. The bat completely misses you.
You climb upwards.
The hobgoblin shouts!
The hobgoblin barely misses you.
Found a scroll labelled OSTROA WUPS.
There is a stone staircase leading down here.
You are too injured to fight recklessly!
The leopard gecko barely misses you.
Casting: Sting (safe; 8% risk of failure)
Confirm with . or Enter, or press ? or * to list all spells.
Aiming: Sting (safe; 8% risk of failure)
Press: ? - help, Shift-Dir - straight line, f - hobgoblin
Aim: a hobgoblin, wielding a +0 club (32% to evade)
The sting hits the hobgoblin.
The hobgoblin is poisoned.
The hobgoblin is heavily wounded.
Unknown command.
Casting: Sting (safe; 8% risk of failure)
Confirm with . or Enter, or press ? or * to list all spells.
Aiming: Sting (safe; 8% risk of failure)
Press: ? - help, Shift-Dir - straight line, f/p - hobgoblin
Aim: a hobgoblin, wielding a +0 club (heavily wounded, poisoned, 32% to evade)
The sting hits the leopard gecko.
The leopard gecko is poisoned.
The leopard gecko is heavily wounded.
The leopard gecko bites you.
* * * LOW HITPOINT WARNING * * *
The leopard gecko bites you.
You die...

## .# ..#
#####..##.#
##.......... #.
#@# # #.##l##.#
#...g...#
#..>....#
#.......#
#........#
#.?......#
..........######
.................


You could see a leopard gecko (poisoned) and a hobgoblin (poisoned).

Vanquished Creatures
  A bat (D:1)
1 creature vanquished.

Notes
Turn   | Place    | Note
-------+----------+-------------------------------------------
     0 | D:1      | sahdkjhfkaj the Spriggan Venom Mage began the quest for the
                  | Orb.
     0 | D:1      | Reached XP level 1. HP: 9/9 MP: 5/5
    59 | D:1      | You fall into a shaft and drop 1 floor!
    59 | D:2      | Noticed Robin
    75 | D:1      | Slain by a leopard gecko

Illustrated notes

Levels and vault maps discovered:
D:1:      mrwooster_arrival_statue_3, layout_loops_cross, minmay_crystal_room
D:2:      layout_rooms, bloody_trog, nicolae_overflow_crystal_walls,
          pdpol_wu_jian_five_deadly_venoms, uniq_robin

Action                   || total
-------------------------++-------
Melee: Unarmed           ||     1
 Cast: Sting             ||     4
Armor: Robe              ||     2
Dodge: Dodged            ||     9

Table legend: (Time is in decaauts)
 A = Elapsed time spent in this place.
 B = Non-inter-level travel time spent in this place.
 C = Inter-level travel time spent in this place.
 D = Time resting spent in this place.
 E = Time spent auto-exploring this place.
 F = Levels seen in this place.
 G = Mean time per level.
                   A        B        C        D        E       F      G
               +--------+--------+--------+--------+--------+-----+--------+
         Total |     57 |     57 |      0 |      0 |     39 |   2 |   28.5 |
       Dungeon |     57 |     57 |      0 |      0 |     39 |   2 |   28.5 |
               +--------+--------+--------+--------+--------+-----+--------+

Top non-repeatable levels by time:
     D:1: 50 daAuts
     D:2: 6 daAuts
